 Dungeon Crawl Stone Soup version 0.30.1-4-g462c640d31 (webtiles) character file.

Game seed: 17739197000508603833

1955 Bobit the Cudgeller (level 9, -3/69 HPs)
             Began as a Gnoll Reaver on Aug 16, 2023.
             Was a Believer of Okawaru.
             Slain by a gnoll
             ... wielding a +0 halberd
             ... led by a gnoll bouda
              (9 damage)
             ... on level 7 of the Dungeon.
             The game lasted 00:16:16 (8502 turns).

Bobit the Cudgeller (Gnoll Reaver)                  Turns: 8502, Time: 00:16:17

Health: -3/69      AC:  6    Str: 32    XL:     9   Next: 19%
Magic:  12/18      EV: 15    Int: 16    God:    Okawaru [**....]
Gold:   397        SH:  0    Dex: 15    Spells: 11/21 levels left

rFire   . . .        G - +4 trident
rCold   . . .        (no shield)
rNeg    . . .        z - +4 robe of Augmentation {Str+4 Int+4 Dex+4}
rPois   .            (no helmet)
rElec   .            (no cloak)
rCorr   .            (no gloves)
SInv    .            (no boots)
Will    .....        (no amulet)
Stlth   +++          k - +6 ring of strength
HPRegen 0.31/turn    v - +6 ring of strength
MPRegen 0.16/turn

%: no passive effects
@: wereblooded, very slightly contaminated
A: fangs 1, strong nose, distributed training
a: Renounce Religion, Heroism


You were on level 7 of the Dungeon.
You worshipped Okawaru.
Okawaru was pleased with you.
You visited 2 branches of the dungeon, and saw 8 of its levels.

You collected 397 gold pieces.

Inventory:

Hand Weapons
 a - a +0 mace
 d - a +2 dagger of flaming
 f - a +0 shortbow of freezing
 t - a +0 quarterstaff
 A - a +2 short sword of protection
 G - a +4 trident (weapon)
 I - a +1 whip of holy wrath
 K - a +2 great sword
Missiles
 n - 3 boomerangs
Armour
 z - the +4 robe of Augmentation (worn) {Str+4 Int+4 Dex+4}
   (You found it on level 3 of the Dungeon)

   Str:       It affects your strength (+4).
   Int:       It affects your intelligence (+4).
   Dex:       It affects your dexterity (+4).
 F - a +1 leather armour of positive energy
Jewellery
 k - a +6 ring of strength (left hand)
 q - a ring of see invisible
 v - a +6 ring of strength (right hand)
 C - a ring of poison resistance
 H - a ring of flight
Wands
 b - a wand of digging (4)
 y - a wand of paralysis (12)
Scrolls
 g - 3 scrolls of amnesia {unknown}
 h - 7 scrolls of identify {unknown}
 j - a scroll of acquirement {unknown}
 l - 4 scrolls of magic mapping {unknown}
 p - 2 scrolls of teleportation {unknown}
 r - 5 scrolls of poison {unknown}
 s - a scroll of torment {unknown}
 u - a scroll of enchant armour {unknown}
 w - a scroll of vulnerability {unknown}
 x - 3 scrolls of immolation {unknown}
 D - a scroll of blinking {unknown}
Potions
 c - 3 potions of degeneration
 e - 6 potions of flight
 i - 2 potions of curing
 m - 2 potions of attraction {unknown}
 o - 2 potions of berserk rage {unknown}
 B - 2 potions of ambrosia {unknown}
 E - a potion of haste
 J - a potion of heal wounds {unknown}


   Skills:
 + Level 6.2 Fighting
 + Level 4.1 Short Blades
 + Level 4.1 Long Blades
 + Level 4.1 Axes
 + Level 7.8 Maces & Flails
 + Level 4.1 Polearms
 + Level 4.1 Staves
 + Level 4.1 Ranged Weapons
 + Level 4.1 Throwing
 + Level 4.1 Armour
 + Level 6.2 Dodging
 + Level 4.1 Stealth
 + Level 4.1 Shields
 + Level 4.1 Unarmed Combat
 + Level 6.6 Spellcasting
 + Level 6.5 Conjurations
 + Level 3.4 Hexes
 + Level 3.4 Summonings
 + Level 3.4 Necromancy
 + Level 3.4 Translocations
 + Level 3.4 Transmutations
 + Level 3.4 Fire Magic
 + Level 3.4 Ice Magic
 + Level 3.4 Air Magic
 + Level 3.4 Earth Magic
 + Level 3.4 Poison Magic
 + Level 4.5 Invocations
 + Level 4.1 Evocations


You had 11 spell levels left.
You knew the following spells:

 Your Spells              Type           Power      Damage    Failure   Level
a - Kiss of Death         Conj/Necr      84%        2d11      1%          1
b - Momentum Strike       Conj/Tloc      42%        3d9       2%          2
c - Hailstorm             Conj/Ice       21%        3d6       4%          3
d - Sublimation of Blood  Necr           16%        N/A       4%          2
e - Wereblood             Tmut           16%        N/A       4%          2

Your spell library contained the following spells:

 Spells                   Type           Power      Damage    Failure   Level
 Beastly Appendage        Tmut           32%        N/A       3%          1
 Sandblast                Erth           32%        2d9       3%          1
 Sting                    Tmut/Pois      64%        1d6       3%          1
 Passwall                 Tmut/Erth      13%        N/A       4%          2
 Poisonous Vapours        Pois/Air       32%        N/A       4%          2
 Dazzling Flash           Conj/Hex       42%        N/A       4%          3
 Stone Arrow              Conj/Erth      42%        3d9       4%          3
 Spider Form              Tmut/Pois      16%        N/A       10%         3
 Olgreb's Toxic Radiance  Pois           16%        N/A       32%         4
 Agony                    Necr           16%        N/A       65%         5
 Silence                  Hex/Air        8%         N/A       65%         5
 Summon Hydra             Summ           Unusable   N/A       N/A         7

Dungeon Overview and Level Annotations

Branches:
Dungeon (7/15)             Temple (1/1) D:5

Altars:
Ashenzari
Cheibriados
Fedhas
Kikubaaqudgha
Nemelex Xobeh
Okawaru
Qazlal
Ru
Sif Muna
Uskayaw
Vehumet
Wu Jian
Zin

Annotations:
D:5 exclusion: oklob plant


Innate Abilities, Weirdness & Mutations

You have very sharp teeth.
Your uncanny sense of smell can sniff out nearby items.
Your experience applies equally to all skills.


Message History

The gnoll is severely wounded.
The gnoll hits you but does no damage. The gnoll misses you.
You puncture the gnoll!
You feel a bit better.
You kill the gnoll!
Okawaru accepts your kill.
You howl as the wereblood boils in your veins!
The gnoll hits you from afar with a +0 halberd!
Reach: G) +4 trident
Press: ? - help, Dir - move target, f - gnoll
Aim: a gnoll, wielding a +0 halberd (covering ground quickly, about 27% to evade your +4 trident)
You reach to attack!
You puncture the gnoll!
The gnoll is heavily wounded.
The gnoll hits you from afar with a +0 halberd!
* * * LOW HITPOINT WARNING * * *
Reach: G) +4 trident
Press: ? - help, Dir - move target, f/p - gnoll
Aim: a gnoll, wielding a +0 halberd (heavily wounded, covering ground quickly, about 27% to evade your +4 trident)
You reach to attack!
You closely miss the gnoll.
The gnoll is heavily wounded.
The gnoll hits you from afar with a +0 halberd!
* * * LOW HITPOINT WARNING * * *
Reach: G) +4 trident
Press: ? - help, Dir - move target, f/p - gnoll
Aim: a gnoll, wielding a +0 halberd (heavily wounded, covering ground quickly, about 27% to evade your +4 trident)
Okay, then.
Casting: Wereblood (safe; 4% risk of failure)
Confirm with . or Enter, or press ? or * to list all spells.
Casting: Hailstorm (dangerous; 4% risk of failure)
Press: ? - help, Dir - look around, f - activate You miscast Hailstorm.
You are very lightly contaminated with residual magic.
Nothing appears to happen.
The gnoll is no longer moving quickly.
The gnoll completely misses you.
Casting: Hailstorm (dangerous; 4% risk of failure)
Confirm with . or Enter, or press ? or * to list all spells.
Casting: Hailstorm (dangerous; 4% risk of failure)
Press: ? - help, Dir - look around, f - activate You miscast Hailstorm.
Nothing appears to happen.
The gnoll hits you from afar with a +0 halberd!
You die...

.....# ..... ....# ###
....# ########.# ....##.
..)##....######## .......
.........#......##.......
........#.......@).......
........#.......)#g...###
........#..<.....#....#
#..#######.>....##....#
#..##...##......# ###'#
...#.....'......# ...
...).....#......# ...
...#.....#......# ..
...##...##......#


You could see a gnoll.

Vanquished Creatures
  2 water moccasins
  An ice beast (D:5)
  An orc warrior (D:7)
  A sky beast (D:7)
  A centaur (D:3)
  A kobold brigand (D:6)
  2 bullfrogs
  4 scorpions
  5 wights
  2 jellies
  5 hounds
  2 orc priests
  3 gnoll boudas
  2 iguanas
  An orc wizard (D:3)
  8 gnolls
  4 adders
  A shadow imp (D:7)
  3 white imps
  3 ufetubi
  2 worms (D:2)
  2 dart slugs
  18 orcs
  8 ball pythons
  3 bats
  12 endoplasms
  2 giant cockroaches
  8 goblins
  7 hobgoblins
  3 jackals (D:1)
  2 quokkas
  6 frilled lizards
  13 kobolds
  8 rats
146 creatures vanquished.

Vanquished Creatures (others)
  A gnoll (D:4)
  An orc (D:6)
2 creatures vanquished.

Grand Total: 148 creatures vanquished

Notes
Turn   | Place    | Note
-------+----------+-------------------------------------------
     0 | D:1      | Bobit the Gnoll Reaver began the quest for the Orb.
     0 | D:1      | Reached XP level 1. HP: 20/20 MP: 6/6
   273 | D:1      | Reached XP level 2. HP: 21/26 MP: 7/7
   517 | D:1      | Reached skill level 5 in Spellcasting
   517 | D:1      | Reached XP level 3. HP: 26/31 MP: 7/9
   912 | D:1      | Reached skill level 1 in Invocations
  1305 | D:2      | Reached skill level 1 in Short Blades
  1305 | D:2      | Reached skill level 1 in Long Blades
  1305 | D:2      | Reached skill level 1 in Axes
  1305 | D:2      | Reached skill level 1 in Polearms
  1305 | D:2      | Reached skill level 1 in Staves
  1305 | D:2      | Reached skill level 1 in Ranged Weapons
  1305 | D:2      | Reached skill level 1 in Throwing
  1305 | D:2      | Reached skill level 1 in Armour
  1305 | D:2      | Reached skill level 1 in Stealth
  1305 | D:2      | Reached skill level 1 in Shields
  1305 | D:2      | Reached skill level 1 in Unarmed Combat
  1305 | D:2      | Reached skill level 1 in Evocations
  1485 | D:2      | Reached XP level 4. HP: 28/38 MP: 11/11
  1809 | D:2      | Reached skill level 1 in Hexes
  1809 | D:2      | Reached skill level 1 in Summonings
  1809 | D:2      | Reached skill level 1 in Necromancy
  1809 | D:2      | Reached skill level 1 in Translocations
  1809 | D:2      | Reached skill level 1 in Transmutations
  1809 | D:2      | Reached skill level 1 in Fire Magic
  1809 | D:2      | Reached skill level 1 in Ice Magic
  1809 | D:2      | Reached skill level 1 in Air Magic
  1809 | D:2      | Reached skill level 1 in Earth Magic
  1809 | D:2      | Reached skill level 1 in Poison Magic
  2243 | D:3      | Reached XP level 5. HP: 43/43 MP: 12/12
  2588 | D:3      | Found the +4 robe of Augmentation {Str+4 Int+4 Dex+4}
  2635 | D:3      | Noticed a centaur
  2656 | D:3      | Killed a centaur
  3098 | D:3      | Reached skill level 5 in Fighting
  3098 | D:3      | Reached skill level 5 in Dodging
  3098 | D:3      | Reached XP level 6. HP: 51/51 MP: 14/14
  3753 | D:4      | Learned a level 2 spell: Momentum Strike
  3780 | D:4      | Learned a level 3 spell: Hailstorm
  3783 | D:4      | Learned a level 2 spell: Sublimation of Blood
  3786 | D:4      | Learned a level 2 spell: Wereblood
  4285 | D:4      | Reached skill level 7 in Maces & Flails
  4285 | D:4      | Reached XP level 7. HP: 56/56 MP: 12/15
  4842 | D:5      | Entered Level 5 of the Dungeon
  5260 | D:5      | Found a blossoming altar of Fedhas.
  5287 | D:5      | Noticed an oklob plant
  5479 | D:5      | Found a staircase to the Ecumenical Temple.
  5493 | Temple   | Entered the Ecumenical Temple
  5493 | Temple   | Found a transporter.
  5493 | Temple   | Found a transporter.
  5495 | Temple   | Found a transporter.
  5495 | Temple   | Found a transporter.
  5524 | Temple   | Became a worshipper of Warmaster Okawaru
  6116 | D:5      | Reached XP level 8. HP: 43/54 MP: 16/16
  6514 | D:6      | Found a stormy altar of Qazlal.
  6694 | D:6      | Reached * piety under Okawaru
  8153 | D:7      | Reached XP level 9. HP: 64/68 MP: 18/18
  8390 | D:7      | Reached ** piety under Okawaru
  8502 | D:7      | Slain by a gnoll

Illustrated notes

Levels and vault maps discovered:
D:1:      matt_arrival_spirals, layout_basic, minivault_4,
          corexii_hall_statues_u
D:2:      layout_basic, st_stairs_14, nrook_loot_triangle
D:3:      layout_basic
D:4:      layout_basic, chequers_serial_rivers_marsh, st_stairs_1
D:5:      layout_cave_pods, tgw_fedhas, minmay_temple_entry_trees
D:6:      layout_basic, grunt_qazlal_clouds, serial_bayou_pond_b
D:7:      layout_gridville, mainiacjoe_overflow_six_doors_small
Temple:   hellmonk_temple_divided_pantheon

Skill      XL: |  1  2  3  4  5  6  7  8  9 |
---------------+----------------------------+-----
Spellcasting   | 5 6 |  6.6
Invocations    | 1 2 3 4 |  4.5
Short Blades   | 1 2 3 4 |  4.1
Long Blades    | 1 2 3 4 |  4.1
Axes           | 1 2 3 4 |  4.1
Polearms       | 1 2 3 4 |  4.1
Staves         | 1 2 3 4 |  4.1
Ranged Weapons | 1 2 3 4 |  4.1
Throwing       | 1 2 3 4 |  4.1
Armour         | 1 2 3 4 |  4.1
Stealth        | 1 2 3 4 |  4.1
Shields        | 1 2 3 4 |  4.1
Unarmed Combat | 1 2 3 4 |  4.1
Evocations     | 1 2 3 4 |  4.1
Hexes          | 1 2 3 |  3.4
Summonings     | 1 2 3 |  3.4
Necromancy     | 1 2 3 |  3.4
Translocations | 1 2 3 |  3.4
Transmutations | 1 2 3 |  3.4
Fire Magic     | 1 2 3 |  3.4
Ice Magic      | 1 2 3 |  3.4
Air Magic      | 1 2 3 |  3.4
Earth Magic    | 1 2 3 |  3.4
Poison Magic   | 1 2 3 |  3.4
Fighting       | 5 6 |  6.2
Dodging        | 5 6 |  6.2
Maces & Flails | 7 |  7.8
Conjurations   | 6 |  6.5

Action                     |  1- 3 |  4- 6 |  7- 9 || total
---------------------------+-------+-------+-------++-------
  Melee: Dagger            |   128 |   128 |       ||   256
         Mace              |     5 |       |       ||     5
         Bite              |     9 |    27 |    30 ||    66
         Punch             |     1 |     7 |     2 ||    10
         Short sword       |       |    74 |    98 ||   172
         Trident           |       |       |   154 ||   154
   Fire: Shortbow          |       |     1 |       ||     1
   Cast: Momentum Strike   |       |     4 |     9 ||    13
         Wereblood         |       |     2 |     7 ||     9
         Hailstorm         |       |     2 |       ||     2
         Kiss of Death     |       |       |     4 ||     4
    Use: Potion            |       |     4 |     1 ||     5
   Stab: Sleeping          |       |       |     3 ||     3
 Armour: Leather armour    |    21 |       |       ||    21
         Plate armour      |    62 |    82 |       ||   144
         Skin              |       |    16 |       ||    16
         Robe              |       |    24 |    54 ||    78
  Dodge: Dodged            |    74 |    98 |   212 ||   384
